 Dungeon Crawl Stone Soup version 0.31-a0-931-g7b59d4eb97 (webtiles) character file.

Game seed: 16917067706659201028

199022 BinkBink the Brawler (level 18, -24/192 (198) HPs)
             Began as a Troll Monk on Oct 19, 2023.
             Was the Champion of Qazlal.
             Annihilated by an emperor scorpion simulacrum (60 damage)
             ... on level 3 of the Spider Nest.
             The game lasted 01:09:47 (31650 turns).

BinkBink the Brawler (Troll Monk)                  Turns: 31650, Time: 01:09:47

HP:   -24/192 (198) AC: 16    Str: 30    XL:     18   Next: 23%
MP:   17/17         EV: 16    Int:  6    God:    Qazlal [******]
Gold: 3738          SH:  8    Dex: 18    Spells: 17/17 levels left

rFire   x x          .
                       - Unarmed
rCold   x . .        c - orb {light}
rNeg    . . .        X - +3 troll leather armour
rPois   +            (helmet currently unavailable)
rElec   .            (cloak currently unavailable)
rCorr   .            (gloves unavailable)
SInv    .            (boots unavailable)
Will    +....        R - amulet of Elemental Vulnerability {rPois rF-- rC-- AC+8}
Stlth   +            e - +6 ring of dexterity
HPRegen 2.12/turn    Q - ring of flight
MPRegen 0.15/turn

%: repel missiles
@: beast-form, protected from cold, flying, glowing, lightly drained
A: beast (slay +4), large, unfitting armour, claws 3, regeneration 1, shaggy fur
1, tough skin 1
a: Begin Untransformation, Renounce Religion, Upheaval, Elemental Force,
Disaster Area


You were on level 3 of the Spider Nest.
You worshipped Qazlal.
Qazlal was exalted by your worship.
You were a hulking beast.
You visited 5 branches of the dungeon, and saw 30 of its levels.
You also visited: Ossuary and Ice Cave.

You collected 3952 gold pieces.
You spent 214 gold pieces at shops.

Inventory:

Missiles
 L - 5 throwing nets
Armour
 c - an orb of light (worn)
 A - the +0 pair of fencer's gloves {Riposte Dex+3}
   (You found it on level 3 of the Lair of Beasts)

   Riposte:   It allows the wearer to riposte with melee weapons, swiftly
   retaliating against missed or blocked melee attacks.
   Dex+3:     It affects your dexterity (+3).
 I - a +2 robe of fire resistance
 J - a +2 robe of cold resistance
 O - a +1 cloak of cold resistance
 X - a +3 troll leather armour (worn)
 Y - +0 swamp dragon scales
Jewellery
 e - a +6 ring of dexterity (left claw)
 s - a +6 ring of dexterity
 F - a ring of see invisible
 Q - a ring of flight (right claw)
 R - the amulet of Elemental Vulnerability (around neck) {rPois rF-- rC-- AC+8}
   (You took it off an orc priest on level 11 of the Dungeon)

   [amulet of nothing]

   AC+8:      It affects your AC (+8).
   rF--:      It makes you very vulnerable to fire.
   rC--:      It makes you very vulnerable to cold.
   rPois:     It protects you from poison
 S - a +4 ring of protection
 Z - a +4 ring of protection
Talismans
 x - a beast talisman (active)
 U - a dragon-blood talisman
 V - a serpent talisman
Wands
 p - a wand of paralysis (36)
 u - a wand of light (13)
 y - a wand of flame (88)
 D - a wand of polymorph (24)
 H - a wand of iceblast (17)
 P - a wand of mindburst (13)
Scrolls
 f - a scroll of blinking
 g - 3 scrolls of fear
 h - 5 scrolls of revelation
 i - 5 scrolls of summoning
 j - 10 scrolls of teleportation
 l - 7 scrolls of identify
 m - 4 scrolls of poison
 n - 7 scrolls of fog
 o - 3 scrolls of amnesia
 r - 4 scrolls of immolation
 t - 8 scrolls of enchant weapon
 z - a scroll of brand weapon
 E - a scroll of enchant armour
 K - 2 scrolls of silence
Potions
 a - 4 potions of resistance
 b - 3 potions of ambrosia
 d - 8 potions of brilliance
 k - 4 potions of lignification
 q - 13 potions of curing
 v - a potion of berserk rage
 w - 4 potions of enlightenment
 B - 4 potions of haste
 C - 2 potions of invisibility
 G - a potion of mutation
 N - 4 potions of might
 T - 5 potions of cancellation
 W - 3 potions of magic


   Skills:
 * Level 16.9 Fighting
 - Level 5.0 Armour
 + Level 12.1 Dodging
 * Level 19.8 Unarmed Combat
 + Level 11.4 Shapeshifting


You had 17 spell levels left.
You didn't know any spells.
Your spell library contained the following spells:

 Spells                   Type           Power      Damage    Failure   Level
 Freeze                   Ice            0%         1d3       50%         1
 Necrotise                Necr           0%         1d4       50%         1
 Slow                     Hex            0%         N/A       50%         1
 Summon Small Mammal      Summ           0%         N/A       50%         1
 Blink                    Tloc           0%         N/A       63%         2
 Cigotuvi's Dreadful Rot  Necr/Pois/Air  0%         N/A       63%         2
 Ensorcelled Hibernation  Hex/Ice        0%         N/A       63%         2
 Jinxbite                 Hex            0%         N/A       63%         2
 Static Discharge         Conj/Air       0%         2-2/arc   63%         2
 Wereblood                Tmut           0%         N/A       63%         2
 Call Canine Familiar     Summ           0%         N/A       86%         3
 Confusing Touch          Hex            0%         N/A       86%         3
 Dazzling Flash           Conj/Hex       0%         N/A       86%         3
 Frozen Ramparts          Ice            0%         1d1       86%         3
 Hailstorm                Conj/Ice       0%         3d3       86%         3
 Ignite Poison            Fire/Tmut/Pois 0%         N/A       86%         3
 Mephitic Cloud           Conj/Pois/Air  0%         N/A       86%         3
 Sigil of Binding         Hex            0%         N/A       86%         3
 Summon Guardian Golem    Hex/Summ       0%         N/A       86%         3
 Tukima's Dance           Hex            0%         N/A       86%         3
 Vampiric Draining        Necr           0%         2d6       86%         3
 Volatile Blastmotes      Fire/Tloc      0%         2d10      86%         3
 Airstrike                Air            0%         2d(0-16)  99%         4
 Anguish                  Hex/Necr       0%         N/A       99%         4
 Animate Dead             Necr           0%         N/A       99%         4
 Dimensional Bullseye     Hex/Tloc       0%         N/A       99%         4
 Iskenderun's Mystic Bla  Conj/Tloc      0%         2d3       99%         4
 Manifold Assault         Tloc           0%         N/A       99%         4
 Olgreb's Toxic Radiance  Pois           0%         N/A       99%         4
 Passage of Golubria      Tloc           0%         N/A       99%         4
 Summon Lightning Spire   Summ/Air       0%         N/A       99%         4
 Agony                    Necr           0%         N/A       100%        5
 Alistair's Intoxication  Tmut/Pois      0%         N/A       100%        5
 Borgnjor's Vile Clutch   Necr/Erth      0%         N/A       100%        5
 Irradiate                Conj/Tmut      0%         3d11      100%        5
 Silence                  Hex/Air        0%         N/A       100%        5
 Yara's Violent Unravell  Hex/Tmut       0%         3d3       100%        5
 Eringya's Noxious Bog    Tmut/Pois      0%         4d6       100%        6
 Starburst                Conj/Fire      0%         6d3       100%        6
 Haunt                    Necr/Summ      0%         N/A       100%        7
 Borgnjor's Revivificati  Necr           0%         N/A       100%        8
 Infestation              Necr           0%         N/A       100%        8
 Maxwell's Capacitive Co  Air            0%         ∞         100%        8
 Death's Door             Necr           0%         N/A       100%        9


Dungeon Overview and Level Annotations

Branches:
Dungeon (15/15)            Temple (0/1) D:5            Lair (5/5) D:8
  Swamp (4/4) Lair:2       Spider (4/4) Lair:3        Slime (0/5) Lair:5
    Orc (2/2) D:11            Elf (0/3) Orc:2        Vaults (0/5) D:14
 Depths (0/4) D:15        Ossuary (visited)           IceCv (visited)

Altars:
Elyvilon
Fedhas
Hepliaklqana
Kikubaaqudgha
Makhleb
Nemelex Xobeh
Okawaru
Qazlal
Trog
Uskayaw
Vehumet
Xom
Yredelemnul
Zin
The Shining One
Jiyva

Shops:
D:14 *   Orc:2 :*[(

Annotations:
D:4 1 runed translucent door, Crazy Yiuf
D:6 1 transporter, exclusion: oklob plant, Talonman3's ghost, novice KoAr
Swamp:1 1 runed translucent door, EiAlmux's ghost, journeyman DECj
Swamp:4 Lernaean hydra


Innate Abilities, Weirdness & Mutations

You are a hulking beast.
Your limbs bulge with bestial killing power. (Slay +4)
You are too large for most types of armour.
You have claws for hands.
Your natural rate of healing is unusually fast.
You are covered in fur. (AC +1)
You have tough skin. (AC +1)


Message History

* * * LOW HITPOINT WARNING * * *
The emperor scorpion closely misses you. x2
Unknown command.
You feel better.
The spark wasp simulacrum hits you but does no damage.
The emperor scorpion stings you but does no damage.
The emperor scorpion closely misses you.
The emperor scorpion claws you but does no damage.
The spark wasp simulacrum misses you.
You scratch the emperor scorpion.
The emperor scorpion is almost dead.
Unknown command.
You claw the spark wasp simulacrum!
The spark wasp simulacrum is moderately damaged.
You block the spark wasp simulacrum's attack.
The emperor scorpion is engulfed in blazing flames.
You block the emperor scorpion's attack.
The emperor scorpion closely misses you.
The emperor scorpion claws you but does no damage.
You mangle the spark wasp simulacrum!!
The spark wasp simulacrum is almost destroyed.
The spark wasp simulacrum barely misses you.
The emperor scorpion is engulfed in blazing flames.
You kill the emperor scorpion!
Qazlal accepts your kill.
A freezing mist starts to gather...
An emperor scorpion simulacrum comes into view.
You claw the emperor scorpion simulacrum!
The emperor scorpion simulacrum is moderately damaged.
You block the spark wasp simulacrum's attack.
You scratch the emperor scorpion simulacrum but do no damage.
The emperor scorpion simulacrum is moderately damaged.
The spark wasp simulacrum misses you.
The emperor scorpion simulacrum hits you.
* * * LOW HITPOINT WARNING * * *
The emperor scorpion simulacrum freezes you!!!
You feel a terrible chill!
Your resistance to electricity fades away.
You feel protected from cold.
You die...

###......###..## #.
#..............### ##
#...####.....#.#.## #
##..#...#...^.....######
#.......#####....##..#.
##....##^.# ###...#....
##.°##...## ##....^..
##☼†Z##..# ##..###.
#.○h○...# #### ##
####Z..## ##..§##
##...## ###^..##
#####.#..###
##........#.##
###........#>..####
###.......#..#††..#.##


You could see an emperor scorpion simulacrum and a spark wasp simulacrum.

Vanquished Creatures
  Mlioglotl (Spider:4)
  A sphinx (D:15)
  4 emperor scorpions
  A fenstrider witch (Lair:2)
  4 fire giants (D:15)
  3 ghost moths
  A ghost moth (shapeshifter) (D:15)
  3 broodmothers
  An orc warlord (Orc:1)
  A reaper (IceCv)
  4 ghouls (Swamp:2)
  5 bunyips
  4 eleionomae
  A spark wasp (Spider:3)
  An ettin (shapeshifter) (D:14)
  A yaktaur captain (D:15)
  4 entropy weavers
  A fire dragon (D:15)
  A great orb of eyes (D:10)
  20 hydras
  2 jorogumos
  A vault guard (D:14)
  Harold (D:9)
  A rakshasa (D:15)
  An ice dragon (D:15)
  2 catoblepae
  A ghost crab (Swamp:3)
  14 boulder beetles
  10 alligators
  14 centaur warriors
  4 two-headed ogres
  3 tengu warriors
  3 radroaches
  A death knight (D:15)
  A deep troll shaman (Lair:5)
  A deep troll earth mage (D:15)
  3 orc high priests
  8 death yaks
  7 demonic crawlers
  2 deep elf knights
  A skyshark (Lair:5)
  Sonja (D:10)
  A sun moth (Spider:1)
  10 skeletal warriors (D:15)
  5 pharaoh ants
  A spriggan druid (Swamp:2)
  2 deep trolls
  3 goliath frogs
  Pikel (D:5)
  A deep elf archer (D:10)
  7 swamp dragons
  9 orb spiders
  3 lindwurms
  16 wolf spiders
  7 deep elf pyromancers
  5 steelbarb worms
  10 ugly things
  7 deep elf zephyrmancers
  10 orc knights
  14 cyclopes
  An oklob plant (Lair:1)
  6 will-o-the-wisps
  4 orc sorcerers
  8 manticores
  A moth of wrath (shapeshifter) (D:15)
  A moth of wrath (Spider:1)
  Maurice (D:8)
  A torpor snail (Spider:3)
  13 elephants
  An ice statue (IceCv)
  2 gargoyles (D:13)
  6 cane toads
  A rime drake (shapeshifter) (D:15)
  2 unseen horrors
  2 rime drakes
  A kobold demonologist (D:9)
  A freezing wraith (D:15)
  Psyche (D:7)
  4 yaktaurs (D:15)
  7 komodo dragons
  An efreet (D:15)
  2 anaconda simulacra (IceCv)
  2 ice devils (Lair:1)
  5 trolls
  3 tengu conjurers
  6 meliai
  9 hornets
  5 polar bears
  3 hydra zombies (Swamp:4)
  Grinder (D:3)
  12 tarantellas
  10 tyrant leeches
  23 blink frogs
  7 slime creatures
  8 spriggans
  Sigmund (D:5)
  5 centaur simulacra
  A dire elephant simulacrum (IceCv)
  8 culicivoras
  13 jumping spiders
  3 wraiths
  8 wyverns
  26 yaks
  A human (shapeshifter) (D:13)
  A vampire (D:9)
  5 basilisks
  Grum (D:8)
  A redback simulacrum (D:15)
  5 death yak simulacra (IceCv)
  12 vampire mosquitoes
  2 harpy simulacra (IceCv)
  2 steam dragons
  34 redbacks
  Edmund (D:4)
  4 swamp worms
  2 hydra simulacra (IceCv)
  3 wargs
  16 water moccasins
  An acid dragon (D:11)
  9 swamp drakes
  31 orc warriors
  3 ice beasts
  6 black bears
  3 sky beasts (D:7)
  8 ogres
  25 wolves
  4 boggarts (Lair:5)
  A centaur (D:10)
  4 kobold brigands
  2 lemures (D:5)
  3 elf zombies (Ossuary)
  2 gnoll sergeants
  9 bullfrogs
  A necrophage (Swamp:2)
  7 scorpions
  2 two-headed ogre simulacra (IceCv)
  11 wights
  13 killer bees
  4 elephant simulacra (IceCv)
  7 howler monkeys
  3 electric eels (Lair:2)
  3 hounds
  35 orc priests
  6 jellies
  A gnoll bouda (D:8)
  27 orc wizards
  A sleepcap (D:5)
  5 iguanas
  3 polar bear simulacra (IceCv)
  8 spriggan simulacra (IceCv)
  5 troll simulacra (IceCv)
  2 mummies (Ossuary)
  5 adders
  14 gnolls
  7 naga simulacra (IceCv)
  11 white imps
  4 ufetubi (IceCv)
  An adder zombie (Ossuary)
  3 worms
  5 dart slugs
  104 orcs
  5 ball pythons
  16 endoplasms
  2 giant cockroaches (D:1)
  4 goblins
  A hobgoblin (D:2)
  4 jackals (D:3)
  31 kobolds
  3 quokkas
  6 bats
  4 frilled lizards
  3 goblin zombies (Ossuary)
  8 hobgoblin zombies (Ossuary)
  2 jackal zombies (Ossuary)
  12 kobold zombies (Ossuary)
  7 orc zombies (Ossuary)
  8 rats
  A rat zombie (Ossuary)
  2 butterflies
1100 creatures vanquished.

Vanquished Creatures (others)
  A pharaoh ant (Spider:2)
  A swamp dragon (Swamp:2)
  2 bloated husks (Swamp:2)
  A vampire mosquito (D:14)
  A swamp worm (Swamp:2)
  An orc priest (Orc:2)
  3 orcs
  12 foxfires
22 creatures vanquished.

Grand Total: 1122 creatures vanquished

Notes
Turn   | Place    | Note
-------+----------+-------------------------------------------
     0 | D:1      | BinkBink the Troll Monk began the quest for the Orb.
     0 | D:1      | Reached XP level 1. HP: 22/22 MP: 0/0
    98 | D:1      | Reached XP level 2. HP: 29/29 MP: 1/1
   126 | D:1      | Found a faded altar of an unknown god.
   737 | D:2      | Reached XP level 3. HP: 33/36 MP: 2/2
  1093 | D:3      | Reached XP level 4. HP: 43/45 MP: 3/3
  1129 | D:3      | Found a bloodstained altar of Trog.
  1245 | D:3      | Reached skill level 4 in Unarmed Combat
  1266 | D:3      | Noticed Grinder
  1276 | D:3      | Killed Grinder
  1277 | D:3      | Reached XP level 5. HP: 28/54 MP: 4/4
  1277 | D:3      | Reached XP level 6. HP: 32/62 MP: 5/5
  1309 | D:3      | Found an iron altar of Okawaru.
  1811 | D:4      | Reached skill level 5 in Unarmed Combat
  1897 | D:4      | Reached XP level 7. HP: 66/71 MP: 6/6
  1939 | D:4      | Found a runed translucent door.
  1940 | D:4      | Noticed Crazy Yiuf
  1976 | D:4      | Noticed Edmund
  1987 | D:4      | Killed Edmund
  2046 | D:4      | Reached skill level 6 in Unarmed Combat
  2051 | D:4      | Reached skill level 5 in Fighting
  2268 | D:4      | Found a stormy altar of Qazlal.
  2282 | D:4      | Became a worshipper of Qazlal Stormbringer
  2282 | D:4      | Reached * piety under Qazlal
  2282 | D:4      | Reached ** piety under Qazlal
  2385 | D:5      | Entered Level 5 of the Dungeon
  2397 | D:5      | Noticed Sigmund
  2402 | D:5      | Killed Sigmund
  2608 | D:5      | Reached XP level 8. HP: 80/81 MP: 7/7
  2621 | D:5      | Found a staircase to the Ecumenical Temple.
  2696 | D:5      | Reached skill level 7 in Unarmed Combat
  2983 | D:5      | Noticed Pikel
  2995 | D:5      | Killed Pikel
  2996 | D:5      | Reached skill level 8 in Unarmed Combat
  3089 | D:6      | Found a transporter.
  3104 | D:6      | Reached skill level 5 in Dodging
  3104 | D:6      | Reached XP level 9. HP: 85/92 MP: 8/8
  3229 | D:6      | Noticed Talonman3's ghost (novice KoAr)
  3231 | D:6      | Identified the +5 dire flail of the Writhing Ancients
                  | {drain, Will+ MP-9 Str+3}
  3232 | D:6      | Found a basalt altar of Yredelemnul.
  3277 | D:6      | Reached *** piety under Qazlal
  3596 | D:6      | Noticed an oklob plant
  3635 | D:6      | Reached skill level 1 in Shapeshifting
  4039 | D:7      | Reached skill level 9 in Unarmed Combat
  4071 | D:7      | Found a sand-covered staircase.
  4076 | Ossuary  | Entered an ossuary
  4114 | Ossuary  | Reached **** piety under Qazlal
  4768 | D:7      | Found an ancient bone altar of Kikubaaqudgha.
  4777 | D:7      | Found a burning altar of Makhleb.
  5098 | D:8      | Noticed Psyche
  5104 | D:7      | Reached XP level 10. HP: 33/104 MP: 9/9
  5170 | D:7      | Killed Psyche
  5334 | D:8      | Found a glowing golden altar of the Shining One.
  5334 | D:8      | Found a hide-covered altar of Uskayaw.
  5572 | D:8      | Noticed Grum
  5578 | D:8      | Reached skill level 10 in Unarmed Combat
  5612 | D:8      | Killed Grum
  5615 | D:8      | Reached ***** piety under Qazlal
  5683 | D:8      | Found a radiant altar of Vehumet.
  6029 | D:8      | Noticed Maurice
  6030 | D:8      | Found a shimmering altar of Xom.
  6036 | D:8      | Killed Maurice
  6119 | D:8      | Found a staircase to the Lair.
  6119 | D:8      | Noticed an elephant
  6124 | D:8      | Killed an elephant
  6464 | D:9      | Noticed a two-headed ogre
  6477 | D:8      | Killed a two-headed ogre
  6478 | D:8      | Reached XP level 11. HP: 21/115 MP: 10/10
  6567 | D:9      | Reached skill level 11 in Unarmed Combat
  6687 | D:9      | Found a blossoming altar of Fedhas.
  6885 | D:9      | Found a glowing silver altar of Zin.
  6885 | D:9      | Found a faded altar of an unknown god.
  6893 | D:9      | Found a hazy altar of Hepliaklqana.
  6895 | D:9      | Found a white marble altar of Elyvilon.
  6897 | D:9      | Found a sparkling altar of Nemelex Xobeh.
  7041 | D:9      | Noticed a two-headed ogre
  7068 | D:9      | Killed a two-headed ogre
  7087 | D:9      | Noticed a centaur warrior
  7092 | D:9      | Killed a centaur warrior
  7111 | D:9      | Noticed a two-headed ogre
  7118 | D:9      | Killed a two-headed ogre
  7460 | D:10     | Entered Level 10 of the Dungeon
  7465 | D:10     | Noticed Harold
  7478 | D:9      | Killed Harold
  7479 | D:9      | Reached skill level 10 in Fighting
  7479 | D:9      | Reached skill level 5 in Shapeshifting
  7658 | D:10     | Noticed Sonja
  7668 | D:10     | Killed Sonja
  7669 | D:10     | Reached skill level 12 in Unarmed Combat
  8028 | D:10     | Noticed an orc knight
  8048 | D:10     | Killed an orc knight
  8167 | D:10     | Found a runed translucent door.
  8463 | D:10     | Noticed a deep elf archer
  8613 | D:10     | Reached XP level 12. HP: 118/127 MP: 11/11
  8803 | D:11     | Noticed a boulder beetle
  8840 | D:11     | Killed a boulder beetle
  8913 | D:11     | Reached ****** piety under Qazlal
  9270 | D:11     | Found a staircase to the Orcish Mines.
  9775 | D:12     | Noticed a boulder beetle
  9813 | D:12     | Killed a boulder beetle
  9814 | D:12     | Reached skill level 13 in Unarmed Combat
 10105 | D:12     | You fall into a shaft and drop 3 floors!
 10105 | D:15     | Entered Level 15 of the Dungeon
 10106 | D:15     | Noticed a centaur warrior
 10109 | D:15     | Noticed a centaur warrior
 10119 | D:15     | Killed a centaur warrior
 10126 | D:15     | Killed a centaur warrior
 10129 | D:15     | Noticed a boulder beetle
 10149 | D:15     | Killed a boulder beetle
 10349 | D:15     | Found a bloodstained altar of Trog.
 10350 | D:15     | Found a shimmering altar of Xom.
 10354 | D:15     | Found a glowing silver altar of Zin.
 10359 | D:15     | Noticed a boulder beetle
 10365 | D:15     | Killed a boulder beetle
 10422 | D:15     | Reached XP level 13. HP: 76/137 MP: 12/12
 10595 | D:15     | Reached skill level 14 in Unarmed Combat
 10833 | D:15     | Found a staircase to the Depths.
 10841 | D:14     | Found Angocero's General Store.
 10861 | D:14     | Bought a scroll of teleportation for 42 gold pieces
 10861 | D:14     | Bought a scroll of teleportation for 42 gold pieces
 10861 | D:14     | Bought a potion of heal wounds for 70 gold pieces
 10861 | D:14     | Bought a scroll of identify for 28 gold pieces
 12157 | D:14     | Noticed an ettin
 12166 | D:14     | Killed an ettin
 12244 | D:14     | Reached skill level 15 in Unarmed Combat
 12423 | Lair:5   | Identified the "Xecuer"
 12423 | Orc:1    | Entered Level 1 of the Orcish Mines
 12468 | D:11     | Reached XP level 14. HP: 67/150 MP: 13/13
 12991 | Orc:2    | Entered Level 2 of the Orcish Mines
 13532 | Orc:2    | Noticed an orc warlord
 13585 | Orc:1    | Killed an orc warlord
 13847 | Orc:2    | Found a staircase to the Elven Halls.
 14056 | Orc:2    | Found Usagg's General Store.
 14057 | Orc:2    | Found Geddasmo's Book Emporium.
 14059 | Orc:2    | Found Wosmam's Antique Armour Shoppe.
 14059 | Orc:2    | Found Ysemevod's Antique Weapon Shoppe.
 14074 | Orc:2    | Bought a scroll of identify for 32 gold pieces
 15159 | Lair:1   | Entered Level 1 of the Lair of Beasts
 15258 | Lair:1   | Found a frozen archway.
 15283 | IceCv    | Entered an ice cave
 15601 | IceCv    | Reached skill level 1 in Armour
 15648 | IceCv    | Noticed a reaper
 15654 | IceCv    | Killed a reaper
 15655 | IceCv    | Reached skill level 16 in Unarmed Combat
 17279 | Lair:2   | Found a staircase to the Swamp.
 17961 | Lair:3   | Found a hole to the Spider Nest.
 17965 | Lair:3   | Reached XP level 15. HP: 162/162 MP: 14/14
 18041 | Lair:3   | Reached skill level 10 in Dodging
 18307 | Lair:3   | Found the +0 pair of fencer's gloves {Riposte Dex+3}
 19593 | Lair:5   | Entered Level 5 of the Lair of Beasts
 20105 | Lair:5   | Found a staircase to the Slime Pits.
 20105 | Lair:5   | Found a viscous altar of Jiyva.
 20495 | Lair:5   | Reached skill level 17 in Unarmed Combat
 21213 | D:10     | Identified the +2 plate armour "Kedess" {-Tele rElec rC-
                  | Dex+5}
 21606 | D:14     | Found a gate to the Vaults.
 21785 | D:15     | Noticed a fire giant
 21793 | D:15     | Killed a fire giant
 21916 | D:15     | Reached XP level 16. HP: 162/174 MP: 15/15
 22459 | D:15     | Reached skill level 15 in Fighting
 22734 | D:15     | Noticed a sphinx
 22744 | D:15     | Killed a sphinx
 22892 | D:15     | Reached skill level 5 in Armour
 23525 | Spider:3 | Identified the "Ziadalay"
 23525 | Swamp:1  | Entered Level 1 of the Swamp
 23616 | Lair:2   | Paralysed by a fenstrider witch for 2 turns
 23623 | Lair:2   | Reached skill level 10 in Shapeshifting
 23867 | Swamp:1  | Reached skill level 18 in Unarmed Combat
 24097 | Swamp:1  | Found a runed translucent door.
 24098 | Swamp:1  | Identified the +5 halberd of Xiref {chaos, Str+2 Int+2
                  | Dex-5}
 24099 | Swamp:1  | Found a shimmering altar of Xom.
 24101 | Swamp:1  | Noticed EiAlmux's ghost (journeyman DECj)
 24543 | Swamp:2  | Identified the of Girgh
 25410 | Swamp:3  | Reached XP level 17. HP: 171/185 MP: 16/16
 26928 | Swamp:4  | Identified the "Veggopt"
 26928 | Swamp:4  | Entered Level 4 of the Swamp
 27624 | Swamp:4  | Noticed the 27-headed Lernaean hydra
 27735 | Spider:1 | Entered Level 1 of the Spider Nest
 27993 | Spider:1 | Reached skill level 19 in Unarmed Combat
 30817 | Spider:3 | Reached XP level 18. HP: 197/198 MP: 17/17
 31406 | Spider:4 | Entered Level 4 of the Spider Nest
 31408 | Spider:4 | Noticed Mlioglotl
 31418 | Spider:4 | Killed Mlioglotl
 31650 | Spider:3 | Annihilated by an emperor scorpion simulacrum

Illustrated notes

Levels and vault maps discovered:
D:1:      dpeg_arrival_stonehenge_8_columns, layout_loops_cross,
          ebering_ecumenical_altar_hall
D:2:      layout_rooms
D:3:      layout_loops_ring, trog_three_pillars_becter,
          okawaru_ov_weapons_minmay, minmay_hedge_maze,
          hangedman_abyss_or_decor_stabs, uniq_grinder
D:4:      layout_cave_pools, nicolae_qazlal_eye_of_the_storm,
          kennysheep_generic_room_7, uniq_crazy_yiuf_cottage, uniq_edmund
D:5:      layout_loops_cross, minmay_temple_entry_butterflies,
          lightli_corner_chamber, uniq_sigmund, uniq_pikel
D:6:      lemuel_slime, layout_basic, yredelemnul_altar_generic,
          gammafunk_ghost_smash
D:7:      layout_gridville, mainiacjoe_overflow_big_doors, enter_ossuary_5,
          st_stairs_4
D:8:      layout_cave_pods, mainiacjoe_overflow_cross_hatched,
          nicolae_vehumet_altar_sigil, grunt_temple_overflow_open,
          grunt_lair_entry_orc_guard_hut, serial_park, serial_park_gazebo
          [serial_park_minivault_5x5_3], serial_park_tiny_2, serial_park_square3
          [serial_park_minivault_5x5_8], uniq_psyche, uniq_maurice, uniq_grum
D:9:      layout_irregular_city, chequers_temple_overflow_minitemple,
          fedhas_ov_isle_minmay, grunt_potential
D:10:     layout_long_grid, minivault_13, uniq_harold, uniq_sonja
D:11:     layout_small_grid, erik_orc_1, lemuel_flamethrower_2
D:12:     layout_small_grid
D:13:     layout_roguey
D:14:     layout_roguey, david_vaults_4, chequers_jeans, serial_shops, shop,
          chequers_garden, nrook_loot_triangle
D:15:     hangedman_slaughterboxes, serial_shops
Lair:1:   layout_roguey, portal_ice_cave_demonic_guard, dpeg_stationary_puzzle
Lair:2:   layout_loops_ring, swamp_mist, serial_bayou_lake_a
Lair:3:   layout_misc_corridors, nicolae_spider_entry_lesser_pyramids,
          lemuel_fruit_fields
Lair:4:   layout_cave_pods, chequers_serial_rivers_micro_c
Lair:5:   grunt_lair_end_beastmaster, layout_layer_cave, slime_entry_1,
          columned_hall_lemuel, kilobyte_rumbling_trees
Swamp:1:  layout_falls_marsh, ebering_ghost_xom, evilmike_swamp_ruin_house_2
Swamp:2:  layout_falls_marsh, hangedman_swamp_pad
Swamp:3:  layout_basic_swamp, evilmike_swamp_ruin_house_4, swamp_pool3
Swamp:4:  swamp_old_school, layout_basic_swamp,
          nicolae_swamp_necromancy_gone_wrong
Spider:1: layout_spider_delve, nicolae_spider_moth_buddies
Spider:2: layout_spider_delve
Spider:3: layout_spider_delve
Spider:4: grunt_spider_rune_circles, nicolae_spider_claw_tunnel, uniq_mlioglotl
Orc:1:    layout_caves, rock_pile
Orc:2:    st_orc_congregation, layout_caves, basic_altar, elves_outpost_lemuel

Skill      XL: |  1  2  3  4  5  6  7  8  9 10 11 12 13 14 15 16 17 |
---------------+----------------------------------------------------+-----
Fighting       | 3 4 5 6 7 9 10 11 12 13 14 15 16 | 16.9
Unarmed Combat | 4 5 6 8 9 10 12 13 15 16 17 18 19 | 19.8
Dodging        | 3 4 5 6 7 8 9 10 11 12 | 12.1
Shapeshifting  | 2 4 5 6 7 8 9 10 11 | 11.4
Armour         | 2 4 5 |  5.0

Action                     |  1- 3 |  4- 6 |  7- 9 | 10-12 | 13-15 | 16-18 || total
---------------------------+-------+-------+-------+-------+-------+-------++-------
  Melee: Unarmed           |    78 |    69 |   290 |   470 |  1016 |   890 ||  2813
         Constrict         |       |       |       |       |       |     1 ||     1
    Use: Scroll            |       |       |     4 |     2 |    26 |     4 ||    36
         Potion            |       |       |     1 |     7 |     3 |     7 ||    18
   Stab: Distracted        |       |       |       |       |     1 |       ||     1
 Armour: Robe              |    50 |    34 |   101 |   257 |   334 |       ||   776
         Troll leather arm |       |       |       |       |   281 |   838 ||  1119
         Skin              |       |       |       |       |       |    16 ||    16
  Dodge: Dodged            |    33 |    23 |   103 |   224 |   579 |   697 ||  1659
         Repelled          |       |       |       |     5 |     8 |     3 ||    16
  Block: Orb               |       |       |    28 |   123 |   387 |   381 ||   919
         Other             |       |       |       |       |       |     2 ||     2
   Form: Beast             |       |       |     1 |       |     1 |     1 ||     3
         Anaconda          |       |       |       |       |     1 |     1 ||     2

Table legend: (Time is in decaauts)
 A = Elapsed time spent in this place.
 B = Non-inter-level travel time spent in this place.
 C = Inter-level travel time spent in this place.
 D = Time resting spent in this place.
 E = Time spent auto-exploring this place.
 F = Levels seen in this place.
 G = Mean time per level.
                   A        B        C        D        E       F      G
               +--------+--------+--------+--------+--------+-----+--------+
         Total |  30973 |  28990 |   1983 |   6213 |  17214 |  32 |  967.9 |
       Dungeon |  14558 |  13397 |   1161 |   2292 |   8367 |  15 |  970.5 |
          Lair |   4898 |   4498 |    400 |    143 |   3694 |   5 |  979.6 |
         Swamp |   3946 |   3799 |    147 |   1811 |   1348 |   4 |  986.5 |
   Spider Nest |   3785 |   3636 |    149 |    777 |   2344 |   4 |  946.2 |
  Orcish Mines |   2273 |   2148 |    125 |    690 |    904 |   2 | 1136.5 |
       Ossuary |    474 |    474 |      0 |    238 |     62 |   1 |  474.0 |
      Ice Cave |   1039 |   1039 |      0 |    261 |    495 |   1 | 1039.0 |
               +--------+--------+--------+--------+--------+-----+--------+

Top non-repeatable levels by time:
    D:15: 2344 daAuts
 Swamp:3: 1552 daAuts
Spider:1: 1532 daAuts
    D:11: 1476 daAuts
  Lair:5: 1352 daAuts
    D:10: 1282 daAuts
Spider:3: 1262 daAuts
   Orc:2: 1254 daAuts
     D:8: 1204 daAuts
 Swamp:1: 1135 daAuts
   IceCv: 1039 daAuts
   Orc:1: 1019 daAuts
     D:9: 1012 daAuts
Spider:2: 947 daAuts
  Lair:4: 939 daAuts
